 Dungeon Crawl Stone Soup version 0.14.0-21-gd531db5 (webtiles) character file.

228 256 the Covered (level 4, -1/39 HPs)
             Began as a Minotaur Fighter on Apr 22, 2014.
             Slain by a gnoll
             ... wielding a +0,+0 spear
              (8 damage)
             ... on Level 4 of the Dungeon.
             The game lasted 00:07:34 (2034 turns).

256 the Covered (Minotaur Fighter)                  Turns: 2034, Time: 00:07:36

HP  -1/39        AC  8     Str 21      XL: 4   Next: 86%
MP   2/2         EV 12     Int  5      God:
Gold 100         SH 21     Dex 18      Spells:  0 memorised,  3 levels left

rFire  . . .     SeeInvis .     a - +0 long sword
rCold  . . .     Clarity  .     b - +0 scale mail
rNeg   . . .     Conserve .     c - +0 shield
rPois  .         rCorr    .     (helmet restricted)
rElec  .         rRot     .     (no cloak)
SustAb . .       Spirit   .     w - +0 pair of gloves {Dex+3}
rMut   .         Warding  .     (no boots)
Saprov . . .     Stasis   .     (no amulet)
MR     .....                    (no ring)
                                (no ring)

@: agile, not resistant to hostile enchantments, very unstealthy
A: retaliatory headbutt, horns 2
a: no special abilities


You were on level 4 of the Dungeon.
You were not hungry.

You visited 1 branch of the dungeon, and saw 4 of its levels.

You collected 100 gold pieces.

Inventory:

Hand weapons
 a - a +0,+0 long sword (weapon)
Missiles
 i - 7 javelins (quivered)
Armour
 b - a +0 scale mail (worn)
 c - a +0 shield (worn)
 w - a +0 pair of gloves of dexterity (worn)
Comestibles
 d - 2 bread rations
 p - a slice of pizza
 t - a choko
 v - an apple
Scrolls
 f - 2 scrolls of fear {unknown}
 h - 4 scrolls of remove curse {unknown}
 j - 2 scrolls of teleportation {unknown}
 l - 2 scrolls of identify {unknown}
 m - a scroll of random uselessness {unknown}
 n - 2 scrolls of noise {unknown}
 q - a scroll of amnesia {unknown}
 u - a scroll of enchant weapon I {unknown}
Jewellery
 o - an uncursed amulet of warding {unknown}
Potions
 e - a potion of might
 g - a potion of brilliance {unknown}
 k - 2 potions of agility
 r - a potion of lignification {unknown}
 s - 2 potions of curing


   Skills:
 - Level 3.6 Fighting
 * Level 3.2 Long Blades
 * Level 1.3 Throwing
 * Level 5.0 Armour
 * Level 4.6 Shields
 * Level 1.3 Unarmed Combat


You had 3 spell levels left.
You didn't know any spells.

Dungeon Overview and Level Annotations

Branches:
Dungeon (4/15)
 Temple: D:4-7

Altars:

Annotations:
D:4 Dowan, Duvessa


Innate Abilities, Weirdness & Mutations

You reflexively headbutt those who attack you in melee.
You have a pair of horns on your head.


Message History

The goblin hits you with a club.
* * * LOW HITPOINT WARNING * * *
The gnoll hits you but does no damage.
Drink which item? (? for menu, Esc to quit)
You feel agile all of a sudden.
It was a potion of agility.
The goblin misses you. Duvessa hits you with a short sword!
* * * LOW HITPOINT WARNING * * *
The gnoll hits you but does no damage. The goblin hits you but does no damage.
The gnoll closely misses you. You block the gnoll's attack.
The goblin hits you but does no damage. 2 orcs come into view.
Drink which item? (? for menu, Esc to quit)
You feel better.
It was a potion of curing.
The orc shouts!
Duvessa hits you with a short sword.
* * * LOW HITPOINT WARNING * * *
The goblin closely misses you.
The gnoll hits you from afar with a spear!
You die...

... #..... #####
#g..... ......
#....... #......
........ #......
##.....# #......
gg....o.
##.....g#g#o..####..
.......g@ggoo...o...
######.##e###.......
# ## ... .


You could see Duvessa, 4 gnolls, 5 orcs and 3 goblins.

Vanquished Creatures
  Jessica (D:2)
  An ogre skeleton (D:3)
  An adder (D:3)
  An inept feature mimic (D:3)
  2 giant mites (D:3)
  3 oozes
  2 orcs (D:3)
  3 ball pythons (D:3)
  6 bats
  2 giant cockroaches
  8 hobgoblins
  7 jackals
  5 giant newts
  4 goblins
  10 kobolds
  7 rats
63 creatures vanquished.

Vanquished Creatures (others)
  A goblin (D:1)
1 creature vanquished.

Grand Total: 64 creatures vanquished

Notes
Turn   | Place    | Note
--------------------------------------------------------------
     0 | D:1      | 256, the Minotaur Fighter, began the quest for the Orb.
     0 | D:1      | Reached XP level 1. HP: 19/19 MP: 1/1
   216 | D:1      | Reached skill level 4 in Armour
   250 | D:1      | Reached XP level 2. HP: 23/26 MP: 1/1
   835 | D:2      | Reached XP level 3. HP: 31/31 MP: 2/2
   887 | D:2      | Noticed Jessica
   896 | D:2      | Killed Jessica
  1052 | D:2      | Reached skill level 1 in Throwing
  1413 | D:3      | Reached XP level 4. HP: 36/39 MP: 2/2
  1503 | D:3      | Reached skill level 1 in Unarmed Combat
  1862 | D:3      | Reached skill level 5 in Armour
  2023 | D:4      | Noticed Duvessa
  2023 | D:4      | Noticed Dowan
  2034 | D:4      | Slain by a gnoll

Action                   |  1- 3 |  4- 6 || total
-------------------------+-------+-------++-------
Melee: Long sword        |    91 |    63 ||   154
  Use: Potion            |       |     2 ||     2
